[Event "23rd Hogeschool Zeeland Open 2019"]
[Site "Vlissingen"]
[Date "2019.08.04"]
[Round "2.9"]
[White "Romanishin, Oleg M"]
[Black "Van der Borgt, Peter"]
[Result "1-0"]
[ECO "E02"]
[WhiteElo "2443"]
[BlackElo "1938"]
[Annotator "NA"]
[PlyCount "77"]
[EventDate "2019.08.03"]
[EventType "swiss"]
[EventCountry "NED"]
[SourceTitle "playchess.com"]
[Source "ChessBase"]
[SourceQuality "1"]
[TimeControl "40/5400+30:1800+30"]

1. d4 d5 2. Nf3 e6 3. g3 Nf6 4. c4 c6 5. Bg2 Be7 6. O-O O-O 7. Nc3 Nbd7 8. Qd3 dxc4 9. Qxc4 Qa5 10. Bf4 Nd5 11. Bd2 Nxc3 12. Bxc3 Qc7 13. Rac1 Nb6 14. Qb3 Nd5 15. Bd2 Qb6 16. Qc2 h6 17. e4 Nb4 18. Qb1 Rd8 19. a3 Na6 20. Be3 Qa5 21. Rfd1 Bd7 22. Ne5 Be8 23. Nc4 Qc7 24. b4 Qb8 25. Bf4 Nc7 26. d5 exd5 27. exd5 Bg5 28. Bxg5 hxg5 29. dxc6 Rxd1+ 30. Rxd1 Bxc6 31. Bxc6 bxc6 32. Ne5 Qe8 33. Re1 Ne6 34. Qe4 Nd8 35. Qf5 Qe7 36. Re3 a5 37. Nxc6 Qxe3 38. fxe3 Nxc6 39. b5 1-0

[Event "23rd Hogeschool Zeeland Open 2019"]
[Site "Vlissingen"]
[Date "2019.08.04"]
[Round "2.10"]
[White "De Boer, Robert"]
[Black "Leenhouts, Koen"]
[Result "0-1"]
[ECO "C58"]
[WhiteElo "1976"]
[BlackElo "2426"]
[Annotator "NA"]
[PlyCount "54"]
[EventDate "2019.08.03"]
[EventType "swiss"]
[EventCountry "NED"]
[SourceTitle "playchess.com"]
[Source "ChessBase"]
[SourceQuality "1"]
[TimeControl "40/5400+30:1800+30"]

1. e4 e5 2. Nf3 Nc6 3. Bc4 Nf6 4. Ng5 d5 5. exd5 Na5 6. d3 h6 7. Nf3 e4 8. Qe2 Nxc4 9. dxc4 Bc5 10. Nc3 O-O 11. Nd2 Bg4 12. Qf1 e3 13. fxe3 Bxe3 14. Nf3 Bxc1 15. Rxc1 Re8+ 16. Kf2 Qd6 17. Qd3 Bxf3 18. gxf3 Qf4 19. Ne2 Ng4+ 20. Kg2 Ne3+ 21. Kf2 Ng4+ 22. Kg2 Rxe2+ 23. Qxe2 Ne3+ 24. Kh3 g5 25. Qf2 g4+ 26. Kh4 Nf5+ 27. Kh5 Qg5# 0-1

[Event "23rd Hogeschool Zeeland Open 2019"]
[Site "Vlissingen"]
[Date "2019.08.04"]
[Round "2.12"]
[White "Verbruggen, Samuel"]
[Black "De Jong, Migchiel"]
[Result "0-1"]
[ECO "B42"]
[WhiteElo "1960"]
[BlackElo "2345"]
[Annotator "NA"]
[PlyCount "58"]
[EventDate "2019.08.03"]
[EventType "swiss"]
[EventCountry "NED"]
[SourceTitle "playchess.com"]
[Source "ChessBase"]
[SourceQuality "1"]
[TimeControl "40/5400+30:1800+30"]

1. e4 c5 2. Nf3 e6 3. d4 cxd4 4. Nxd4 a6 5. Bd3 Nf6 6. Qe2 d6 7. O-O Nbd7 8. Nc3 Qb6 9. Nb3 Qc7 10. Bd2 Be7 11. Rae1 O-O 12. f4 e5 13. f5 b5 14. a3 Bb7 15. g4 h6 16. g5 hxg5 17. Bxg5 Rfe8 18. Qg2 Kf8 19. Qh3 Ng8 20. Bxe7+ Kxe7 21. Nd5+ Bxd5 22. f6+ Ngxf6 23. exd5 Rh8 24. Qf3 Rh4 25. Re4 Qa7+ 26. Re3 Rah8 27. Rf2 Rh3 28. Qxh3 Rxh3 29. Rxh3 Ng4 0-1

[Event "23rd Hogeschool Zeeland Open 2019"]
[Site "Vlissingen"]
[Date "2019.08.04"]
[Round "2.13"]
[White "Grochal, Joey"]
[Black "Dittmar, Lars"]
[Result "1-0"]
[ECO "E12"]
[WhiteElo "2313"]
[BlackElo "1882"]
[Annotator "NA"]
[PlyCount "83"]
[EventDate "2019.08.03"]
[EventType "swiss"]
[EventCountry "NED"]
[SourceTitle "playchess.com"]
[Source "ChessBase"]
[SourceQuality "1"]
[TimeControl "40/5400+30:1800+30"]

1. d4 Nf6 2. c4 e6 3. Nf3 b6 4. a3 Bb7 5. Nc3 Be7 6. d5 O-O 7. e4 d6 8. Be2 c5 9. O-O exd5 10. cxd5 Nfd7 11. Bf4 Re8 12. Qd2 Nf8 13. Rfe1 Ng6 14. Bg3 Nd7 15. Rad1 Bf8 16. Bc4 a6 17. a4 Qf6 18. h3 Nde5 19. Be2 Nxf3+ 20. Bxf3 Rad8 21. Be2 Qe7 22. f4 f6 23. Bh5 Bc8 24. f5 Ne5 25. Bxe8 Qxe8 26. b3 g6 27. fxg6 Qxg6 28. Kh2 Bh6 29. Qf2 Kf7 30. Rf1 Rg8 31. Ne2 Bg5 32. Bxe5 dxe5 33. Qf3 Bd7 34. Kh1 Bh4 35. Rd3 b5 36. Rc3 bxa4 37. bxa4 Bxa4 38. Rxc5 Ke7 39. Rc7+ Bd7 40. Rfc1 Bg5 41. Qa3+ Kd8 42. Qd6 1-0

[Event "23rd Hogeschool Zeeland Open 2019"]
[Site "Vlissingen"]
[Date "2019.08.04"]
[Round "2.14"]
[White "Tibke, Jonas"]
[Black "Grooten, Herman"]
[Result "1-0"]
[ECO "B22"]
[WhiteElo "1937"]
[BlackElo "2310"]
[Annotator "NA"]
[PlyCount "82"]
[EventDate "2019.08.03"]
[EventType "swiss"]
[EventCountry "NED"]
[SourceTitle "playchess.com"]
[Source "ChessBase"]
[SourceQuality "1"]
[TimeControl "40/5400+30:1800+30"]

1. e4 c5 2. c3 Nf6 3. e5 Nd5 4. d4 cxd4 5. cxd4 d6 6. Nf3 Nc6 7. Bc4 e6 8. O-O Be7 9. Nbd2 Nb6 10. Bb3 dxe5 11. dxe5 Nb4 12. a3 N4d5 13. Ne4 h6 14. Qd3 Bd7 15. Be3 Bc6 16. Rfd1 Nxe3 17. Qxe3 Nd5 18. Qd3 Qa5 19. Nd4 O-O 20. Bc2 Rfd8 21. Nd6 Bxd6 22. Qh7+ Kf8 23. exd6 Rxd6 24. Qh8+ Ke7 25. Qxa8 Qb6 26. Qh8 Nf4 27. Nxc6+ Qxc6 28. Qxg7 Qxc2 29. Rxd6 Kxd6 30. Qd4+ Nd5 31. b4 b6 32. Rd1 Kc6 33. g3 Kb5 34. h3 Ka4 35. Rd3 f5 36. Rf3 a6 37. Qg7 Qe4 38. Qd7+ b5 39. Kg2 Qe5 40. Qc6 Nc7 41. Qb6 Qd5 1-0

[Event "23rd Hogeschool Zeeland Open 2019"]
[Site "Vlissingen"]
[Date "2019.08.04"]
[Round "2.15"]
[White "Nebolsina, Vera"]
[Black "Hendrix, Joachim"]
[Result "1-0"]
[ECO "B06"]
[WhiteElo "2269"]
[BlackElo "1893"]
[Annotator "NA"]
[PlyCount "47"]
[EventDate "2019.08.03"]
[EventType "swiss"]
[EventCountry "NED"]
[SourceTitle "playchess.com"]
[Source "ChessBase"]
[SourceQuality "1"]
[TimeControl "40/5400+30:1800+30"]

1. e4 g6 2. d4 Bg7 3. Nc3 d6 4. h4 h5 5. Be3 a6 6. Nf3 b5 7. Ng5 Nh6 8. a4 b4 9. Nd5 a5 10. c3 e6 11. Nf4 bxc3 12. bxc3 O-O 13. Bc4 Qe8 14. O-O Ba6 15. Qe2 Qc6 16. Bb5 Qb7 17. Rab1 Qc8 18. Ngxe6 fxe6 19. Nxg6 Bxb5 20. Rxb5 Qe8 21. Nxf8 Bxf8 22. Rxh5 Kh7 23. g4 Qg6 24. Bxh6 1-0

[Event "23rd Hogeschool Zeeland Open 2019"]
[Site "Vlissingen"]
[Date "2019.08.04"]
[Round "2.16"]
[White "Oostvogels, Niek"]
[Black "Klepke, Ricardo"]
[Result "0-1"]
[ECO "A05"]
[WhiteElo "1929"]
[BlackElo "2267"]
[Annotator "NA"]
[PlyCount "66"]
[EventDate "2019.08.03"]
[EventType "swiss"]
[EventCountry "NED"]
[SourceTitle "playchess.com"]
[Source "ChessBase"]
[SourceQuality "1"]
[TimeControl "40/5400+30:1800+30"]

1. e4 c5 2. Nf3 d6 3. g3 g6 4. Bg2 Bg7 5. O-O Nc6 6. c3 e5 7. d3 Nf6 8. a3 a5 9. a4 O-O 10. Na3 h6 11. Bd2 Be6 12. Qc1 Kh7 13. Nc2 c4 14. Ne3 cxd3 15. Ne1 d5 16. Nxd3 d4 17. Nd1 Bc4 18. Nxe5 Nxe5 19. cxd4 Bxf1 20. dxe5 Bxg2 21. exf6 Qxf6 22. Kxg2 Rfe8 23. Nc3 Qc6 24. f3 Qc4 25. Qe1 Rad8 26. Rd1 Qb3 27. Qf1 Bxc3 28. bxc3 Rd7 29. Qe1 Red8 30. Kf1 Qc2 31. Ke2 Qxa4 32. Kf2 Qc2 33. Ke2 a4 0-1

[Event "23rd Hogeschool Zeeland Open 2019"]
[Site "Vlissingen"]
[Date "2019.08.04"]
[Round "3.3"]
[White "Wunnink, Michael"]
[Black "Van Wely, Loek"]
[Result "0-1"]
[ECO "D85"]
[WhiteElo "2214"]
[BlackElo "2616"]
[Annotator "ChessBase"]
[PlyCount "80"]
[EventDate "2019.08.03"]
[EventType "swiss"]
[EventCountry "NED"]
[SourceTitle "playchess.com"]
[Source "ChessBase"]
[SourceQuality "1"]
[TimeControl "40/5400+30:1800+30"]

1. d4 Nf6 2. c4 g6 3. Nc3 d5 4. cxd5 Nxd5 5. e4 Nxc3 6. bxc3 Bg7 7. Be3 c5 8. Rc1 Qa5 9. Qd2 cxd4 10. cxd4 Qxd2+ 11. Bxd2 O-O 12. Nf3 Bg4 13. d5 Nd7 14. Bd3 e6 15. d6 Rfd8 16. Bb4 Bxf3 17. gxf3 Ne5 18. Be2 Nc6 19. Ba3 Be5 20. Rd1 Nd4 21. f4 Bxd6 22. Rxd4 Bxa3 23. Rd3 Rac8 24. O-O Rxd3 25. Bxd3 f5 26. Kg2 Kf7 27. Rb1 Rc7 28. Rb3 Bc1 29. Kf3 Ke7 30. h3 b6 31. Bb1 Rc4 32. Bd3 Rd4 33. Rc3 Bd2 34. Rb3 Kd6 35. Bb1 Kc5 36. Bd3 a5 37. Rb5+ Kc6 38. Rb3 a4 39. Ra3 Bb4 40. Ke3 Kc5 0-1

[Event "23rd Hogeschool Zeeland Open 2019"]
[Site "Vlissingen"]
[Date "2019.08.04"]
[Round "3.5"]
[White "Bezemer, Arno"]
[Black "Werle, Jan"]
[Result "0-1"]
[ECO "C06"]
[WhiteElo "2245"]
[BlackElo "2555"]
[Annotator "ChessBase"]
[PlyCount "80"]
[EventDate "2019.08.03"]
[EventType "swiss"]
[EventCountry "NED"]
[SourceTitle "playchess.com"]
[Source "ChessBase"]
[SourceQuality "1"]
[TimeControl "40/5400+30:1800+30"]

1. e4 e6 2. d4 d5 3. Nd2 Be7 4. Ngf3 Nf6 5. e5 Nfd7 6. Bd3 c5 7. c3 Nc6 8. O-O g5 9. dxc5 g4 10. Nd4 Ndxe5 11. Bb5 Bd7 12. b4 h5 13. f4 Nxd4 14. Bxd7+ Qxd7 15. cxd4 Ng6 16. Nb3 Nh4 17. Qd3 Qa4 18. Bd2 Nf5 19. Rfe1 Kf8 20. Bc3 Bf6 21. Nd2 Kg7 22. Nf1 a5 23. a3 axb4 24. axb4 Qb3 25. Kh1 Qc4 26. Qxc4 dxc4 27. Ne3 Nxe3 28. Rxe3 Rxa1+ 29. Bxa1 Ra8 30. Re1 Ra3 31. b5 Rb3 32. c6 bxc6 33. bxc6 Rb6 34. f5 Rxc6 35. fxe6 fxe6 36. Bc3 Ra6 37. Kg1 Ra3 38. Bd2 Bxd4+ 39. Kf1 e5 40. Rb1 Kg6 0-1

[Event "23rd Hogeschool Zeeland Open 2019"]
[Site "Vlissingen"]
[Date "2019.08.04"]
[Round "3.6"]
[White "Ikonnikov, Vyacheslav"]
[Black "Stange, Sven"]
[Result "1-0"]
[ECO "E15"]
[WhiteElo "2499"]
[BlackElo "2167"]
[Annotator "ChessBase"]
[PlyCount "79"]
[EventDate "2019.08.03"]
[EventType "swiss"]
[EventCountry "NED"]
[SourceTitle "playchess.com"]
[Source "ChessBase"]
[SourceQuality "1"]
[TimeControl "40/5400+30:1800+30"]

1. d4 Nf6 2. Nf3 e6 3. c4 b6 4. g3 Ba6 5. b3 Bb4+ 6. Bd2 Be7 7. Bg2 c6 8. O-O d5 9. Qc2 O-O 10. Rd1 Nbd7 11. a4 Ne4 12. Be1 Qc7 13. cxd5 exd5 14. Nc3 Nxc3 15. Bxc3 Bf6 16. Rac1 Rfe8 17. e3 Bb7 18. b4 Rac8 19. Bh3 Rcd8 20. Ne1 Ba6 21. b5 cxb5 22. Bf1 b4 23. Bxa6 bxc3 24. Qb3 Nb8 25. Rxc3 Nxa6 26. Rxc7 Nxc7 27. Rc1 Re7 28. Nd3 Rdd7 29. Rc3 g6 30. Nb4 Re8 31. Qc2 Bd8 32. Nc6 Ne6 33. Ne5 Rc7 34. Rxc7 Bxc7 35. Qc6 Rd8 36. Nd7 Kg7 37. e4 Bb8 38. Nxb8 Rxb8 39. exd5 Nxd4 40. Qc3 1-0

[Event "23rd Hogeschool Zeeland Open 2019"]
[Site "Vlissingen"]
[Date "2019.08.04"]
[Round "3.8"]
[White "Hausrath, Daniel"]
[Black "Duchene, Rene"]
[Result "1-0"]
[ECO "A12"]
[WhiteElo "2468"]
[BlackElo "2157"]
[Annotator "RC"]
[PlyCount "71"]
[EventDate "2019.08.03"]
[EventType "swiss"]
[EventCountry "NED"]
[SourceTitle "playchess.com"]
[Source "ChessBase"]
[SourceQuality "1"]
[TimeControl "40/5400+30:1800+30"]

1. Nf3 d5 2. g3 Nf6 3. Bg2 Bf5 4. c4 e6 5. b3 c6 6. O-O Nbd7 7. Bb2 h6 8. d3 Be7 9. Nbd2 O-O 10. a3 a5 11. Qb1 Bh7 12. Bc3 Nc5 13. Qb2 Qb6 14. Ne5 Rfd8 15. Bd4 Qa6 16. Rfc1 Rac8 17. cxd5 cxd5 18. Rc2 Ne8 19. Rac1 b6 20. b4 f6 21. Nc6 Rxc6 22. b5 Qa8 23. bxc6 Qxc6 24. Nb3 Rc8 25. Bh3 f5 26. Nxc5 Bxc5 27. Bxc5 bxc5 28. Rxc5 Qxc5 29. Rxc5 Rxc5 30. Qb6 Rc1+ 31. Kg2 Nc7 32. g4 g5 33. gxf5 h5 34. fxe6 g4 35. Qb8+ Kg7 36. Qb2+ 1-0

[Event "23rd Hogeschool Zeeland Open 2019"]
[Site "Vlissingen"]
[Date "2019.08.04"]
[Round "3.9"]
[White "Van Baar, Esper"]
[Black "Romanishin, Oleg M"]
[Result "1/2-1/2"]
[ECO "B22"]
[WhiteElo "2108"]
[BlackElo "2443"]
[Annotator "NA"]
[PlyCount "60"]
[EventDate "2019.08.03"]
[EventType "swiss"]
[EventCountry "NED"]
[SourceTitle "playchess.com"]
[Source "ChessBase"]
[SourceQuality "1"]
[TimeControl "40/5400+30:1800+30"]

1. e4 c5 2. c3 Qa5 3. g3 Nc6 4. Bg2 Nf6 5. Ne2 d6 6. O-O c4 7. b3 cxb3 8. Qxb3 Qa6 9. Re1 e5 10. d4 Be7 11. Na3 O-O 12. Nc4 Na5 13. Nxa5 Qxa5 14. Bd2 Qc7 15. Rac1 Be6 16. d5 Bc8 17. c4 Nd7 18. Be3 Nc5 19. Qa3 b6 20. Rc2 Bd7 21. Nc1 f5 22. f3 f4 23. Bf2 g5 24. g4 Rfc8 25. Nd3 Nxd3 26. Qxd3 Qb7 27. Bf1 Qa6 28. Rc3 Rc7 29. Ra3 Qc8 30. Rb1 Kg7 1/2-1/2

[Event "23rd Hogeschool Zeeland Open 2019"]
[Site "Vlissingen"]
[Date "2019.08.04"]
[Round "3.11"]
[White "Mijnster, Niels"]
[Black "Zwirs, Nico"]
[Result "0-1"]
[ECO "B13"]
[WhiteElo "2089"]
[BlackElo "2380"]
[Annotator "NA"]
[PlyCount "68"]
[EventDate "2019.08.03"]
[EventType "swiss"]
[EventCountry "NED"]
[SourceTitle "playchess.com"]
[Source "ChessBase"]
[SourceQuality "1"]
[TimeControl "40/5400+30:1800+30"]

1. d4 d5 2. Bf4 c5 3. e3 cxd4 4. exd4 Nc6 5. c3 f6 6. Bd3 e5 7. Qh5+ g6 8. Bxg6+ hxg6 9. Qxh8 exf4 10. Qxg8 Bf5 11. Qh7 Qb6 12. Nf3 Qxb2 13. O-O Qxa1 14. Qxb7 Rc8 15. Re1+ Ne7 16. Nh4 Kf7 17. Nxf5 gxf5 18. Qb3 Rc6 19. h4 Rb6 20. Qd1 f3 21. c4 Re6 22. Rxe6 Kxe6 23. cxd5+ Nxd5 24. gxf3 Qxa2 25. Nd2 Bh6 26. Ne4 fxe4 27. fxe4 Nc3 28. Qg4+ Ke7 29. e5 Qb1+ 30. Kh2 Qe4 31. exf6+ Kxf6 32. Qd7 Qxh4+ 33. Kg2 Qg5+ 34. Kf1 Qb5+ 0-1

[Event "23rd Hogeschool Zeeland Open 2019"]
[Site "Vlissingen"]
[Date "2019.08.04"]
[Round "3.14"]
[White "Van Liempt, Michael"]
[Black "Nebolsina, Vera"]
[Result "1/2-1/2"]
[ECO "E94"]
[WhiteElo "2091"]
[BlackElo "2269"]
[Annotator "NA"]
[PlyCount "67"]
[EventDate "2019.08.03"]
[EventType "swiss"]
[EventCountry "NED"]
[SourceTitle "playchess.com"]
[Source "ChessBase"]
[SourceQuality "1"]
[TimeControl "40/5400+30:1800+30"]

1. e4 g6 2. d4 Bg7 3. c4 d6 4. Nc3 Nf6 5. Nf3 O-O 6. Be2 e5 7. d5 a5 8. O-O Na6 9. Ne1 Nc5 10. Qc2 Bg4 11. Bxg4 Nxg4 12. f3 Nf6 13. Be3 b6 14. b3 Nh5 15. Rd1 f5 16. a3 f4 17. Bf2 Bf6 18. b4 axb4 19. axb4 Nd7 20. Nd3 Bh4 21. Bxh4 Qxh4 22. Ra1 Qe7 23. Nb5 Ndf6 24. c5 bxc5 25. bxc5 Rxa1 26. Rxa1 Rb8 27. cxd6 cxd6 28. Qc6 Ne8 29. Ra7 Qd8 30. Nc7 Qh4 31. Ra1 Ng3 32. Nxe8 Ne2+ 33. Kh1 Ng3+ 34. Kg1 1/2-1/2

[Event "23rd Hogeschool Zeeland Open 2019"]
[Site "Vlissingen"]
[Date "2019.08.04"]
[Round "3.15"]
[White "Volkers, Annemarie"]
[Black "Afek, Yochanan"]
[Result "1/2-1/2"]
[ECO "B34"]
[WhiteElo "1966"]
[BlackElo "2253"]
[Annotator "NA"]
[PlyCount "57"]
[EventDate "2019.08.03"]
[EventType "swiss"]
[EventCountry "NED"]
[SourceTitle "playchess.com"]
[Source "ChessBase"]
[SourceQuality "1"]
[TimeControl "40/5400+30:1800+30"]

1. e4 c5 2. Nf3 Nc6 3. d4 cxd4 4. Nxd4 g6 5. Nc3 Bg7 6. Nde2 Nf6 7. g3 b6 8. Bg2 Ba6 9. O-O O-O 10. Re1 Rc8 11. h3 d6 12. a4 h6 13. Nb5 Bb7 14. Ned4 Nxd4 15. Nxd4 a6 16. e5 dxe5 17. Bxb7 Rc7 18. Ne6 fxe6 19. Bxa6 Qxd1 20. Rxd1 Rxc2 21. Bd3 Rc6 22. Bxg6 e4 23. Bd2 Rc2 24. Rab1 Ra8 25. Be3 Rb8 26. b4 Ra2 27. Ra1 Rxa1 28. Rxa1 Nd5 29. Rc1 1/2-1/2

[Event "23rd Hogeschool Zeeland Open 2019"]
[Site "Vlissingen"]
[Date "2019.08.05"]
[Round "4.7"]
[White "Romanishin, Oleg M"]
[Black "Coenen, Eduard"]
[Result "1-0"]
[ECO "A41"]
[WhiteElo "2443"]
[BlackElo "2101"]
[Annotator "RC"]
[PlyCount "81"]
[EventDate "2019.08.03"]
[EventType "swiss"]
[EventCountry "NED"]
[TimeControl "40/5400+30:1800+30"]

1. d4 g6 2. Nf3 Bg7 3. g3 d6 4. Bg2 Nd7 5. O-O e5 6. a4 h5 7. dxe5 Nxe5 8. Nxe5 Bxe5 9. h4 Ne7 10. Nc3 Nf5 11. a5 a6 12. Nd5 Be6 13. Nf4 Bd7 14. Nd3 Bd4 15. e3 Ba7 16. Qf3 Bc6 17. e4 Nd4 18. Qd1 Ne6 19. Nf4 Nxf4 20. Bxf4 f6 21. Qd2 Qe7 22. c4 O-O-O 23. b4 g5 24. hxg5 Rdg8 25. b5 fxg5 26. Be3 Bxe3 27. Qxe3 axb5 28. a6 bxa6 29. Rxa6 Bb7 30. Ra7 Qe5 31. Rb1 b4 32. Rxb4 Bc6 33. Qb3 Kd7 34. c5 Rf8 35. cxd6 Kxd6 36. Rc4 Rd8 37. Ra6 Kd7 38. Raxc6 Rb8 39. Rxc7+ Qxc7 40. Rxc7+ Kxc7 41. Qf7+ 1-0

[Event "23rd Hogeschool Zeeland Open 2019"]
[Site "Vlissingen"]
[Date "2019.08.05"]
[Round "4.8"]
[White "Nebolsina, Vera"]
[Black "Van der Zalm, Marnix"]
[Result "1-0"]
[ECO "B06"]
[WhiteElo "2269"]
[BlackElo "2062"]
[Annotator "ChessBase"]
[PlyCount "51"]
[EventDate "2019.08.03"]
[EventType "swiss"]
[EventCountry "NED"]
[SourceTitle "playchess.com"]
[Source "ChessBase"]
[SourceQuality "1"]
[TimeControl "40/5400+30:1800+30"]

1. e4 g6 2. d4 Bg7 3. Nc3 d6 4. Be3 a6 5. Nf3 Nd7 6. Bd3 e5 7. Qd2 Ngf6 8. dxe5 dxe5 9. h3 b5 10. a4 b4 11. Ne2 Qe7 12. c3 Rb8 13. Rc1 Nc5 14. Bxc5 Qxc5 15. cxb4 Qxb4 16. Bb5+ Rxb5 17. axb5 Qxb5 18. Nc3 Qb3 19. O-O O-O 20. Rfd1 Bb7 21. Nxe5 Nxe4 22. Nxe4 Bxe4 23. Nd7 Bxb2 24. Nxf8 Bxc1 25. Rxc1 Kxf8 26. Qd8+ 1-0

[Event "23rd Hogeschool Zeeland Open 2019"]
[Site "Vlissingen"]
[Date "2019.08.05"]
[Round "4.9"]
[White "Lacrosse, Marc"]
[Black "Weber, Dirk"]
[Result "1-0"]
[ECO "A57"]
[WhiteElo "2189"]
[BlackElo "2227"]
[Annotator "ChessBase"]
[PlyCount "69"]
[EventDate "2019.08.03"]
[EventType "swiss"]
[EventCountry "NED"]
[SourceTitle "playchess.com"]
[Source "ChessBase"]
[SourceQuality "1"]
[TimeControl "40/5400+30:1800+30"]

1. d4 Nf6 2. c4 c5 3. d5 b5 4. cxb5 a6 5. e3 e6 6. Nc3 axb5 7. Bxb5 Qa5 8. Bd2 Na6 9. a4 Nb4 10. dxe6 fxe6 11. Nf3 Be7 12. O-O O-O 13. e4 d5 14. exd5 exd5 15. Na2 Bg4 16. Nxb4 cxb4 17. Qe1 Bd6 18. Ne5 Bf5 19. h3 Rae8 20. Bxe8 Rxe8 21. f4 Qb6+ 22. Be3 d4 23. Bf2 Bd3 24. Nd7 Rxe1 25. Nxb6 Rxf1+ 26. Rxf1 Bxf1 27. Kxf1 d3 28. Be3 b3 29. a5 Kf7 30. a6 Bb8 31. Nc4 Nd5 32. Bb6 d2 33. Ke2 Nxf4+ 34. Kxd2 Ke6 35. Bc7 1-0

[Event "23rd Hogeschool Zeeland Open 2019"]
[Site "Vlissingen"]
[Date "2019.08.05"]
[Round "4.10"]
[White "Sparenberg, Erik"]
[Black "Baarslag, Ed"]
[Result "1/2-1/2"]
[ECO "E04"]
[WhiteElo "2146"]
[BlackElo "2220"]
[Annotator "ChessBase"]
[PlyCount "116"]
[EventDate "2019.08.03"]
[EventType "swiss"]
[EventCountry "NED"]
[SourceTitle "playchess.com"]
[Source "ChessBase"]
[SourceQuality "1"]
[TimeControl "40/5400+30:1800+30"]

1. d4 d5 2. c4 e6 3. Nf3 Nf6 4. g3 dxc4 5. Bg2 a6 6. O-O c5 7. dxc5 Qxd1 8. Rxd1 Bxc5 9. Ne5 Ra7 10. Nxc4 b5 11. Bf4 Nfd7 12. Nd6+ Ke7 13. Ne4 Bb6 14. Bd6+ Ke8 15. Nbc3 Bc7 16. Rac1 f5 17. Bxc7 Rxc7 18. Nxb5 Rxc1 19. Rxc1 Nb6 20. Ned6+ Ke7 21. Nxc8+ Rxc8 22. Rxc8 Nxc8 23. Nc3 Nb6 24. e3 Kd6 25. Kf1 Kc5 26. Ke2 Nc4 27. Nd1 Nd7 28. f4 e5 29. e4 exf4 30. gxf4 fxe4 31. Bxe4 Nf6 32. Bd3 a5 33. Bxc4 Kxc4 34. Ne3+ Kd4 35. Nf5+ Ke4 36. Nxg7 Kxf4 37. b3 Ng4 38. h3 Ne5 39. a3 Kg3 40. Ne6 h5 41. Ke3 Kxh3 42. Nf4+ Kg4 43. Nxh5 Kxh5 44. Ke4 Ng4 45. Kd4 Kg5 46. Kc5 Ne3 47. Kb5 Nc2 48. a4 Nd4+ 49. Kxa5 Nxb3+ 50. Kb4 Nd4 51. Kc4 Nf5 52. a5 Ne7 53. a6 Nc8 54. Kc5 Kf6 55. Kc6 Ke7 56. Kc7 Na7 57. Kb7 Kd7 58. Kxa7 Kc7 1/2-1/2

[Event "23rd Hogeschool Zeeland Open 2019"]
[Site "Vlissingen"]
[Date "2019.08.05"]
[Round "4.11"]
[White "Elgersma, Simon"]
[Black "Van Baar, Esper"]
[Result "0-1"]
[ECO "B91"]
[WhiteElo "2130"]
[BlackElo "2108"]
[Annotator "ChessBase"]
[PlyCount "82"]
[EventDate "2019.08.03"]
[EventType "swiss"]
[EventCountry "NED"]
[SourceTitle "playchess.com"]
[Source "ChessBase"]
[SourceQuality "1"]
[TimeControl "40/5400+30:1800+30"]

1. e4 c5 2. Nf3 d6 3. d4 cxd4 4. Nxd4 Nf6 5. Nc3 a6 6. g3 e5 7. Nde2 Be7 8. Bg2 O-O 9. O-O b5 10. h3 Bb7 11. g4 b4 12. Nd5 Nxd5 13. exd5 Bc8 14. Bd2 g6 15. Bxb4 f5 16. Ng3 Bh4 17. Kh1 fxg4 18. Ne4 gxh3 19. Bf3 Be7 20. c4 a5 21. Ba3 Na6 22. c5 Nb4 23. Bxb4 axb4 24. cxd6 Bxd6 25. Rc1 Bb7 26. Bg4 Rf4 27. Be6+ Kh8 28. f3 Bf8 29. Rf2 Qb6 30. Qe1 Rd8 31. Nc5 Bg7 32. Nxb7 Qxb7 33. Rfc2 Rxf3 34. Rc7 Qb6 35. Bg4 Qf2 36. Qxf2 Rxf2 37. Re7 Rxd5 38. Rcc7 Rdd2 39. Re8+ Bf8 40. Kg1 h2+ 41. Kh1 Rf1# 0-1

[Event "23rd Hogeschool Zeeland Open 2019"]
[Site "Vlissingen"]
[Date "2019.08.05"]
[Round "4.12"]
[White "De Wilde, Rik"]
[Black "Van Liempt, Michael"]
[Result "1/2-1/2"]
[ECO "B70"]
[WhiteElo "2169"]
[BlackElo "2091"]
[Annotator "NA"]
[PlyCount "38"]
[EventDate "2019.08.03"]
[EventType "swiss"]
[EventCountry "NED"]
[SourceTitle "playchess.com"]
[Source "ChessBase"]
[SourceQuality "1"]
[TimeControl "40/5400+30:1800+30"]

1. e4 c5 2. Nf3 Nc6 3. d4 cxd4 4. Nxd4 g6 5. Nc3 Bg7 6. Nb3 Nf6 7. Be2 d6 8. O-O O-O 9. Bg5 a5 10. a4 Be6 11. f4 Nd7 12. f5 Bxb3 13. cxb3 Nb4 14. Nd5 Nxd5 15. Qxd5 Nf6 16. Qd3 Rc8 17. Rad1 Qb6+ 18. Be3 Qc6 19. Bf3 Qc2 1/2-1/2

[Event "23rd Hogeschool Zeeland Open 2019"]
[Site "Vlissingen"]
[Date "2019.08.05"]
[Round "4.13"]
[White "Timmermans, Ivo"]
[Black "Hoffman, Ron"]
[Result "1-0"]
[ECO "B04"]
[WhiteElo "2168"]
[BlackElo "2011"]
[Annotator "ChessBase"]
[PlyCount "75"]
[EventDate "2019.08.03"]
[EventType "swiss"]
[EventCountry "NED"]
[SourceTitle "playchess.com"]
[Source "ChessBase"]
[SourceQuality "1"]
[TimeControl "40/5400+30:1800+30"]

1. e4 Nf6 2. e5 Nd5 3. d4 d6 4. Nf3 g6 5. Bc4 Nb6 6. Bb3 Bg7 7. Ng5 e6 8. f4 dxe5 9. fxe5 O-O 10. O-O c5 11. c3 cxd4 12. cxd4 Nc6 13. Nf3 f6 14. exf6 Qxf6 15. Be3 Nd5 16. Bf2 Nf4 17. Nc3 Nh3+ 18. gxh3 Qxf3 19. Qxf3 Rxf3 20. Kg2 Rf5 21. Rfd1 Bd7 22. d5 Na5 23. Bc2 Rg5+ 24. Bg3 exd5 25. h4 Rg4 26. Nxd5 Rd4 27. Rxd4 Bxd4 28. Rd1 Nc6 29. Bb3 Be6 30. Ne7+ Kf7 31. Nxc6 Bxb3 32. Rxd4 Bxa2 33. Nd8+ Ke7 34. Nxb7 Rc8 35. b4 Rc3 36. Nc5 a5 37. bxa5 Kf6 38. Ne4+ 1-0

[Event "23rd Hogeschool Zeeland Open 2019"]
[Site "Vlissingen"]
[Date "2019.08.05"]
[Round "4.15"]
[White "Westerweele, Henrik"]
[Black "Klepke, Ricardo"]
[Result "1-0"]
[ECO "B22"]
[WhiteElo "1961"]
[BlackElo "2267"]
[Annotator "ChessBase"]
[PlyCount "67"]
[EventDate "2019.08.03"]
[EventType "swiss"]
[EventCountry "NED"]
[SourceTitle "playchess.com"]
[Source "ChessBase"]
[SourceQuality "1"]
[TimeControl "40/5400+30:1800+30"]

1. e4 c5 2. c3 Nf6 3. e5 Nd5 4. d4 cxd4 5. cxd4 e6 6. Nf3 Nc6 7. Nc3 Nxc3 8. bxc3 d6 9. exd6 Bxd6 10. Bd3 Qc7 11. O-O Bd7 12. Qe2 O-O-O 13. c4 Kb8 14. Rb1 Ka8 15. Qb2 Bc8 16. Be3 Bf4 17. Be4 Na5 18. Qb4 Bxe3 19. fxe3 f6 20. c5 Bd7 21. Rb2 Bc6 22. Bxc6 Nxc6 23. Qa4 Rd7 24. Nd2 Qa5 25. Qc4 Qa3 26. Rb3 Qxa2 27. Qc3 Qa5 28. Qb2 Qa6 29. Rb5 Nd8 30. Ra1 Qc6 31. Nc4 Kb8 32. Rba5 Nf7 33. Rxa7 Rhd8 34. Qb6 1-0